[Event "January 9 Late 2024"]
[Site "https://www.chess.com"]
[Date "2024.01.09"]
[Round "3"]
[White "Gokerkan, Cem Kaan"]
[Black "Yagupov, Igor"]
[Result "1-0"]
[Board "60"]
[TimeControl "180+1"]
[WhiteFideId "6336760"]
[BlackFideId "4113632"]
[WhiteElo "2811"]
[BlackElo "2576"]
[WhiteTeam "TUR"]
[BlackTeam "RUS"]
[WhiteClock "0:00:34"]
[BlackClock "0:00:08"]

1. e4 c5 2. Nf3 e6 3. d4 cxd4 4. Nxd4 Nf6 5. Nc3 Nc6 6. Ndb5 d6 7. Bf4 e5 8. Bg5 a6 9. Na3 b5 10. Nd5 Be7 11. Bxf6 Bxf6 12. c4 b4 13. Nc2 O-O 14. Qf3 a5 15. Rd1 Bg5 16. h4 Be7 17. g3 f5 18. Bh3 fxe4 19. Qxe4 Bxh3 20. Rxh3 Qd7 21. Rh1 Rad8 22. Kf1 Qf5 23. Qxf5 Rxf5 24. Kg2 Bf8 25. Rhe1 Rf7 26. Nde3 g6 27. Rd5 Rb8 28. Red1 b3 29. axb3 Rxb3 30. Rb5 Rb7 31. Rxb7 Rxb7 32. Rb1 Nd4 33. Nxd4 exd4 34. Nd5 Bg7 35. Kf3 d3 36. Ra1 Bxb2 37. Rxa5 d2 38. Ke2 Bd4 39. Kxd2 Bxf2 40. Nf6+ Kf7 41. Ne4 Bc5 42. Rxc5 dxc5 43. Nd6+ 1-0

[Event "January 9 Late 2024"]
[Site "https://www.chess.com"]
[Date "2024.01.09"]
[Round "3"]
[White "Sowa, Ryan"]
[Black "Ghasi, Ameet K"]
[Result "1-0"]
[Board "61"]
[TimeControl "180+1"]
[WhiteFideId "30901693"]
[BlackFideId "409200"]
[WhiteElo "2575"]
[BlackElo "2769"]
[WhiteTeam "USA"]
[BlackTeam "ENG"]
[WhiteClock "0:00:26"]
[BlackClock "0:00:00"]

1. Nf3 Nf6 2. b3 g6 3. Bb2 Bg7 4. g3 O-O 5. Bg2 d5 6. O-O c5 7. e3 b6 8. c4 Bb7 9. Ne5 Nbd7 10. d4 cxd4 11. exd4 Rc8 12. Nc3 e6 13. cxd5 Nxd5 14. Nxd5 Bxd5 15. Bxd5 exd5 16. Qf3 Nf6 17. Rac1 Qe7 18. Rfe1 Qb7 19. Rxc8 Rxc8 20. Rc1 Rxc1+ 21. Bxc1 Ne4 22. Be3 Qc7 23. Nd3 Qc2 24. Nf4 Qc6 25. h4 h6 26. Nd3 a5 27. Ne5 Qe6 28. Qf4 g5 29. hxg5 hxg5 30. Qf3 f5 31. Qh5 Bxe5 32. dxe5 Qxe5 33. Bxg5 Qg7 34. Be3 d4 35. Qxf5 Nxg3 36. Qc8+ Kh7 37. Qh3+ Nh5+ 38. Kf1 dxe3 39. Qxh5+ Kg8 40. Qe8+ Kh7 41. Qxe3 Qa1+ 42. Kg2 Qxa2 43. Qxb6 Qc2 44. Qe3 Qg6+ 45. Kf1 Qb6 46. Qxb6 1-0

[Event "January 9 Late 2024"]
[Site "https://www.chess.com"]
[Date "2024.01.09"]
[Round "3"]
[White "Kokoszczynski, Jan"]
[Black "Kozak, Antoni"]
[Result "1-0"]
[Board "62"]
[TimeControl "180+1"]
[WhiteFideId "1174460"]
[BlackFideId "21832030"]
[WhiteElo "2567"]
[BlackElo "2763"]
[WhiteTeam "POL"]
[BlackTeam "POL"]
[WhiteClock "0:00:06"]
[BlackClock "0:00:08"]

1. d4 g6 2. e4 b6 3. Bd3 Bg7 4. Nf3 c5 5. c3 Nf6 6. O-O O-O 7. Re1 Bb7 8. Nbd2 cxd4 9. cxd4 Nc6 10. Nf1 Rc8 11. Ng3 Nb4 12. Bb1 Qc7 13. Bg5 Nc2 14. Bxc2 Qxc2 15. Re2 Qxd1+ 16. Rxd1 h6 17. Bxf6 Bxf6 18. e5 Bg7 19. h4 Bd5 20. a3 Bb3 21. Rde1 Bc4 22. Rd2 Rc7 23. h5 Bd5 24. Ne4 Rfc8 25. Nc3 Bc4 26. d5 Ba6 27. hxg6 fxg6 28. d6 exd6 29. Rxd6 Kh7 30. Red1 g5 31. Rxd7 Bc4 32. Ne4 Bb3 33. R1d6 Rxd7 34. Rxd7 Rc1+ 35. Kh2 Kg6 36. Rd6+ Kf7 37. Nf6 Bf8 38. Rd7+ Ke6 39. Rxa7 g4 40. Nd4+ Kxe5 41. Nxb3 Kxf6 42. Nxc1 1-0

[Event "January 9 Late 2024"]
[Site "https://www.chess.com"]
[Date "2024.01.09"]
[Round "3"]
[White "Cruz Mendez, Jean Marco"]
[Black "Bardyk, Artem"]
[Result "1/2-1/2"]
[Board "63"]
[TimeControl "180+1"]
[WhiteFideId "3526402"]
[BlackFideId "34349979"]
[WhiteElo "2559"]
[BlackElo "2757"]
[WhiteTeam "CUB"]
[BlackTeam "RUS"]
[WhiteClock "0:00:08"]
[BlackClock "0:00:02"]

1. e4 e5 2. Nf3 Nc6 3. Bc4 Bc5 4. c3 Nf6 5. d3 d6 6. h3 O-O 7. O-O a6 8. Bb3 Ba7 9. Nbd2 Be6 10. Bc2 d5 11. exd5 Bxd5 12. Re1 Re8 13. Nf1 e4 14. dxe4 Bxe4 15. Qxd8 Raxd8 16. Bxe4 Nxe4 17. Be3 Bxe3 18. Nxe3 Nd2 19. Nxd2 Rxd2 20. Rab1 f6 21. Red1 Red8 22. Kf1 Kf7 23. Ke1 R2d3 24. Ke2 Ne5 25. Rxd3 Nxd3 26. g3 Nc5 27. Rd1 Rxd1 28. Nxd1 Ke6 29. Ne3 Na4 30. Nd1 Kd5 31. b3 Nc5 32. Ke3 g5 33. c4+ Ke5 34. Nc3 c6 35. Ne2 Ne6 36. f4+ gxf4+ 37. gxf4+ Kd6 38. Ke4 Ke7 39. Ng3 Nc5+ 40. Kf5 b6 41. Nh5 Nd7 42. Ng3 Nc5 43. Nh5 Nd7 44. Ng3 b5 45. Ne4 bxc4 46. bxc4 Nb6 47. c5 Nd5 48. Kg4 Nb4 49. Kf5 Nxa2 50. Nxf6 Nc3 51. Nxh7 a5 52. Ke5 a4 53. f5 a3 54. f6+ Kf7 55. Ng5+ Kg6 56. f7 Kg7 57. Ke6 a2 58. Nh7 Kxh7 59. f8=Q a1=Q 60. Qf7+ Kh6 61. Qf6+ Kh5 62. Qf5+ Kh6 63. Qf6+ Kh7 64. Qf7+ Kh6 65. Qf6+ 1/2-1/2

[Event "January 9 Late 2024"]
[Site "https://www.chess.com"]
[Date "2024.01.09"]
[Round "3"]
[White "Schnaider, Ilan"]
[Black "Martin Barcelo, Carles"]
[Result "0-1"]
[Board "64"]
[TimeControl "180+1"]
[WhiteFideId "169013"]
[BlackFideId "24561444"]
[WhiteElo "2739"]
[BlackElo "2524"]
[WhiteTeam "ARG"]
[BlackTeam "ESP"]
[WhiteClock "0:00:07"]
[BlackClock "0:00:32"]

1. e4 e6 2. d4 d5 3. Nd2 c5 4. Ngf3 cxd4 5. Nxd4 Nf6 6. exd5 Nxd5 7. N2f3 Bb4+ 8. Bd2 O-O 9. Bd3 Nd7 10. O-O Bxd2 11. Qxd2 Nc5 12. Bc4 a6 13. a4 b6 14. b4 Ne4 15. Qd3 Nef6 16. Ne5 Bb7 17. Rab1 Nf4 18. Qc3 Rc8 19. Rfd1 Qc7 20. f3 Qxe5 21. Qb3 Rfd8 22. c3 Qe3+ 23. Kh1 Qe5 24. Re1 Qg5 25. Rb2 N6h5 26. Kg1 Nh3+ 27. Kf1 N3f4 28. Kg1 h6 29. Rf2 Nh3+ 30. Kf1 Nxf2 31. Kxf2 Nf4 32. g3 Nd5 33. Re2 Qf6 34. f4 Nxc3 35. Nf3 Nxe2 36. Bxe2 Bxf3 37. Bxf3 Qc3 38. Qb1 Qc2+ 39. Qxc2 Rxc2+ 40. Ke3 Rc3+ 41. Ke4 Rxf3 42. Kxf3 Rd4 43. b5 axb5 44. axb5 Rb4 45. Kg4 Rxb5 46. f5 Rxf5 47. h3 b5 48. Kh4 Rc5 49. g4 b4 50. g5 hxg5+ 51. Kh5 b3 52. h4 gxh4+ 53. Kg4 b2 54. Kf4 b1=Q 55. Kf3 Qb4 56. Ke2 Rc3 57. Kd1 Qb2 58. Ke1 Rc2 59. Kd1 g6 60. Ke1 g5 61. Kd1 f5 62. Ke1 e5 63. Kf1 e4 64. Kg1 f4 65. Kh1 g4 66. Kg1 h3 67. Kf1 g3 0-1

[Event "January 9 Late 2024"]
[Site "https://www.chess.com"]
[Date "2024.01.10"]
[Round "3"]
[White "Otero Marino, Alain"]
[Black "Khatoev, Eduard"]
[Result "1/2-1/2"]
[Board "65"]
[TimeControl "180+1"]
[WhiteFideId "3524876"]
[BlackFideId "24145076"]
[WhiteElo "2491"]
[BlackElo "2736"]
[WhiteTeam "CUB"]
[BlackTeam "RUS"]
[WhiteClock "0:00:46"]
[BlackClock "0:01:09"]

1. d4 c5 2. e3 cxd4 3. exd4 Nf6 4. Nf3 Nc6 5. Bd3 d5 6. O-O a6 7. c3 e6 8. Bg5 Bd6 9. Nbd2 h6 10. Bxf6 Qxf6 11. Re1 Bc7 12. Qe2 b6 13. Ne5 Nxe5 14. dxe5 Qf4 15. g3 Qa4 16. f4 Bb7 17. Nf3 O-O 18. Nd4 Rae8 19. Bc2 Qd7 20. Qd3 f5 21. exf6 Rxf6 22. Re2 g6 23. Rae1 Bd6 24. h4 b5 25. Kh2 b4 26. Qd1 Re7 27. Ba4 Qc8 28. Qd3 bxc3 29. bxc3 Bc5 30. Nf3 Bd6 31. Ne5 Bxe5 32. Rxe5 Rc7 33. R1e3 Bc6 34. Bb3 Bd7 35. Qd4 Rf5 36. Rxf5 gxf5 37. Qe5 a5 38. g4 fxg4 39. Rg3 h5 40. Qxh5 Kf8 41. Rxg4 Be8 42. Qh8+ Ke7 43. Qg7+ Bf7 44. Rg3 Qa6 45. Qe5 Rd7 46. f5 Qf1 47. fxe6 Bxe6 48. Qg5+ Kd6 49. Rg2 Qf5 50. Qxf5 Bxf5 51. Rg5 Rf7 52. c4 a4 53. c5+ Kxc5 54. Bxa4 Be4 55. Bb3 Kd4 56. Kg3 Rf1 57. h5 Rg1+ 58. Kf4 Rf1+ 59. Kg3 Rg1+ 60. Kf4 Rf1+ 61. Kg3 1/2-1/2

[Event "January 9 Late 2024"]
[Site "https://www.chess.com"]
[Date "2024.01.10"]
[Round "3"]
[White "Agibileg, Uurtsaikh"]
[Black "Hoeffer, David"]
[Result "1-0"]
[Board "66"]
[TimeControl "180+1"]
[WhiteFideId "4901606"]
[BlackFideId "24606766"]
[WhiteElo "2720"]
[BlackElo "2440"]
[WhiteTeam "MGL"]
[BlackTeam "GER"]
[WhiteClock "0:00:42"]
[BlackClock "0:00:01"]

1. d4 d5 2. c4 c6 3. Nf3 Nf6 4. Nc3 e6 5. Bg5 Nbd7 6. cxd5 exd5 7. e3 h6 8. Bh4 Be7 9. Bd3 O-O 10. O-O Re8 11. Qc2 Nf8 12. Rab1 Ne4 13. Bxe7 Qxe7 14. b4 a6 15. a4 f5 16. b5 axb5 17. axb5 Ng6 18. Na4 Rxa4 19. Qxa4 Nc3 20. Qc2 Nxb1 21. Rxb1 Bd7 22. bxc6 Bxc6 23. Bxf5 Nh4 24. Nxh4 Qxh4 25. h3 Qf6 26. Bd3 Rf8 27. Bb5 Qd6 28. Bxc6 bxc6 29. Rb6 Rc8 30. Rb7 Qf6 31. Ra7 Qe6 32. h4 Qf6 33. h5 Kf8 34. Qg6 Qxg6 35. hxg6 c5 36. dxc5 Rxc5 37. Rf7+ Kg8 38. Rd7 Kf8 39. f4 Ra5 40. Kf2 Ra6 41. f5 Ra5 42. g4 Rb5 43. Kf3 Ra5 44. Kf4 Ra4+ 45. Kf3 Ra5 46. Rd8+ Ke7 47. Rg8 Kf6 48. Rf8+ Kg5 49. Rf7 Ra4 50. Rxg7 Rxg4 51. Rf7 Re4 52. g7 Kh5 53. g8=Q 1-0

[Event "January 9 Late 2024"]
[Site "https://www.chess.com"]
[Date "2024.01.09"]
[Round "3"]
[White "Przybylski, Wojciech"]
[Black "Sevian, Samuel"]
[Result "0-1"]
[Board "67"]
[TimeControl "180+1"]
[WhiteFideId "1117599"]
[BlackFideId "2040506"]
[WhiteElo "2547"]
[BlackElo "3137"]
[WhiteTeam "POL"]
[BlackTeam "USA"]
[WhiteClock "0:00:01"]
[BlackClock "0:02:45"]

1. d4 Nf6 2. g3 c5 3. Nf3 cxd4 4. Nxd4 e5 5. Nb3 d5 6. Bg2 Nc6 7. O-O h6 8. Nc3 Be6 9. e3 Bb4 10. Bd2 O-O 11. h3 Re8 12. Kh2 Rc8 13. a3 Bd6 14. Be1 e4 15. Nb5 Bb8 16. N5d4 Bd7 17. Nxc6 bxc6 18. Bb4 h5 19. Nc5 Bf5 20. c4 h4 21. cxd5 cxd5 22. Na6 Be5 23. Bc3 Rxc3 24. bxc3 Qd6 25. Qa4 hxg3+ 26. fxg3 Bxg3+ 27. Kh1 Bd7 28. Qa5 Be5 29. Nc5 Bc8 30. Qb5 a6 31. Qb4 Nh5 32. Rfd1 Ng3+ 33. Kg1 Bxc3 34. Nxe4 Qxb4 35. axb4 dxe4 36. Bf1 Bxa1 37. Rxa1 Nxf1 38. Kxf1 Bd7 39. Kf2 Bb5 40. Rc1 Re6 41. Rc8+ Kh7 42. Kg3 Kg6 43. Kf4 f6 44. h4 Re5 45. Rh8 Bd3 46. h5+ Rxh5 47. Rb8 Rf5+ 48. Kg4 Rf3 49. Rb6 Rxe3 50. Kf4 Rf3+ 51. Kg4 Be2 52. Kh4 Rf4+ 53. Kg3 Kg5 54. Rb7 Rf3+ 55. Kg2 g6 56. Rb6 f5 57. Rc6 Ra3 58. Kf2 Bf3 59. Kg3 f4+ 60. Kh3 Ra2 61. Rc5+ Kh6 62. Rh5+ Kxh5 0-1

[Event "January 9 Late 2024"]
[Site "https://www.chess.com"]
[Date "2024.01.09"]
[Round "3"]
[White "Mendez Fortes, Eduardo Jesus"]
[Black "Erigaisi Arjun"]
[Result "1/2-1/2"]
[Board "68"]
[TimeControl "180+1"]
[WhiteFideId "3502376"]
[BlackFideId "35009192"]
[WhiteElo "2546"]
[BlackElo "3021"]
[WhiteTeam "CUB"]
[BlackTeam "IND"]
[WhiteClock "0:00:13"]
[BlackClock "0:02:10"]

1. e4 d6 2. d4 g6 3. Nc3 Bg7 4. f4 a6 5. Nf3 b5 6. Bd3 Nd7 7. Qe2 Nb6 8. e5 e6 9. Ne4 Bb7 10. Be3 Bxe4 11. Bxe4 d5 12. Bd3 Nc4 13. Bc1 Ne7 14. h4 h5 15. b3 Nb6 16. Ng5 Bf8 17. g4 hxg4 18. Qxg4 Nf5 19. Nxe6 fxe6 20. Qxg6+ Kd7 21. Bxf5 exf5 22. Qxf5+ Kc6 23. h5 Bb4+ 24. Ke2 Bc3 25. Rb1 Bxd4 26. c3 Bxc3 27. Be3 d4 28. Rbc1 Qd5 29. Bxd4 Qxd4 30. Rhd1 Qb4 31. Qd3 Kb7 32. Rxc3 Qxf4 33. Rxc7+ Kxc7 34. Qd6+ Kb7 35. Qe7+ Kc8 36. Qc5+ Kb7 37. Qe7+ Kb8 38. Qd6+ Kb7 39. Qe7+ 1/2-1/2

[Event "January 9 Late 2024"]
[Site "https://www.chess.com"]
[Date "2024.01.09"]
[Round "3"]
[White "Baltag, Iulian"]
[Black "Caruana, Fabiano"]
[Result "0-1"]
[Board "69"]
[TimeControl "180+1"]
[WhiteFideId "13901419"]
[BlackFideId "2020009"]
[WhiteElo "2543"]
[BlackElo "3013"]
[WhiteTeam "MDA"]
[BlackTeam "USA"]
[WhiteClock "0:00:11"]
[BlackClock "0:01:01"]

1. e4 b6 2. d4 Bb7 3. Bd3 e6 4. Nf3 d5 5. e5 c5 6. c3 Nc6 7. a3 Nge7 8. h4 h6 9. h5 Qd7 10. O-O O-O-O 11. b4 c4 12. Bc2 g6 13. hxg6 fxg6 14. a4 Nf5 15. Nh2 h5 16. Nd2 Be7 17. Ndf3 Rdf8 18. Ng5 Nd8 19. b5 Nf7 20. Nhf3 h4 21. Nxf7 Rxf7 22. Ng5 Rff8 23. Qg4 Rh5 24. Nh3 Rg8 25. a5 Kb8 26. axb6 axb6 27. Ba3 Bxa3 28. Rxa3 Rhh8 29. Ng5 h3 30. Nxh3 g5 31. Rfa1 Rh4 32. Bxf5 exf5 33. e6 Qxe6 34. Nxg5 Qh6 35. Qxf5 Rh1# 0-1

[Event "January 9 Late 2024"]
[Site "https://www.chess.com"]
[Date "2024.01.09"]
[Round "3"]
[White "De Boer, Eelke"]
[Black "Svane, Frederik"]
[Result "0-1"]
[Board "70"]
[TimeControl "180+1"]
[WhiteFideId "1048120"]
[BlackFideId "12923044"]
[WhiteElo "2544"]
[BlackElo "2952"]
[WhiteTeam "NED"]
[BlackTeam "GER"]
[WhiteClock "0:00:02"]
[BlackClock "0:00:24"]

1. e4 c5 2. Nf3 d6 3. d4 cxd4 4. Nxd4 Nf6 5. Nc3 Nc6 6. Bg5 e6 7. Qd2 a6 8. O-O-O Bd7 9. Kb1 Be7 10. f4 O-O 11. f5 Nxd4 12. Qxd4 exf5 13. exf5 Bxf5 14. Bd3 Bxd3 15. Rxd3 Re8 16. Rf1 Qa5 17. h4 Qe5 18. Qf2 h6 19. Bf4 Qh5 20. Bxd6 Bxd6 21. Rxd6 Rad8 22. Rxd8 Rxd8 23. a3 Qg4 24. g3 Rd7 25. Qe3 Kh7 26. Rf4 Qh3 27. Rf3 Qh1+ 28. Ka2 Qg2 29. Ne4 Nd5 30. Qb3 b6 31. h5 a5 32. c4 a4 33. Qb5 Qxf3 34. Qxd7 Qb3+ 35. Ka1 Qd1+ 36. Ka2 Nc3+ 0-1

[Event "January 9 Late 2024"]
[Site "https://www.chess.com"]
[Date "2024.01.09"]
[Round "3"]
[White "Livaic, Leon"]
[Black "Bruedigam, Martin"]
[Result "1-0"]
[Board "71"]
[TimeControl "180+1"]
[WhiteFideId "14531534"]
[BlackFideId "24608033"]
[WhiteElo "2888"]
[BlackElo "2541"]
[WhiteTeam "CRO"]
[BlackTeam "GER"]
[WhiteClock "0:00:03"]
[BlackClock "0:00:08"]

1. e4 c5 2. Nc3 e6 3. f4 a6 4. Nf3 b5 5. d3 Bb7 6. g3 Nc6 7. Bg2 Nge7 8. O-O d5 9. f5 exf5 10. Nxd5 Nxd5 11. exd5 Qxd5 12. Bg5 f6 13. Bf4 Be7 14. Kh1 Qd7 15. c4 O-O 16. cxb5 axb5 17. Qb3+ Kh8 18. Qxb5 Ba6 19. Qb3 Qxd3 20. Qe6 Rac8 21. Nh4 Bc4 22. Qe1 Rfe8 23. Rd1 Qe2 24. Qc3 Ba6 25. Nxf5 Nd4 26. Rfe1 Qh5 27. Nxe7 Rxe7 28. Rxe7 Qxd1+ 29. Re1 Qh5 30. Qa5 Be2 31. Qb6 Bf3 32. Qe6 Bxg2+ 33. Kg1 Nf3+ 34. Kf2 Nxe1 35. Qxc8+ 1-0

[Event "January 9 Late 2024"]
[Site "https://www.chess.com"]
[Date "2024.01.09"]
[Round "3"]
[White "Beerdsen, Thomas"]
[Black "Gasparyan, David"]
[Result "1-0"]
[Board "72"]
[TimeControl "180+1"]
[WhiteFideId "1030108"]
[BlackFideId "13311980"]
[WhiteElo "2839"]
[BlackElo "2540"]
[WhiteTeam "NED"]
[BlackTeam "USA"]
[WhiteClock "0:02:06"]
[BlackClock "0:00:28"]

1. e4 d6 2. d4 Nf6 3. Nc3 Nbd7 4. Nf3 g6 5. g4 Nxg4 6. Rg1 h5 7. Bg5 Bh6 8. Qd2 Bxg5 9. Nxg5 Ndf6 10. O-O-O c6 11. Bc4 d5 12. Bb3 Nxh2 13. Qf4 Nhg4 14. e5 Bf5 15. exf6 exf6 16. Nf3 Qd7 17. Kb1 O-O-O 18. Na4 b6 19. Ka1 g5 20. Qd2 h4 21. c4 Be4 22. Ne1 Qf5 23. cxd5 Bxd5 24. Bxd5 Rxd5 25. f3 Ne5 26. Nc3 Rd7 27. Qe2 Ng6 28. d5 Nf4 29. Qa6+ Kb8 30. dxc6 Rxd1+ 31. Nxd1 Qc8 32. Qa4 h3 33. Nc3 h2 34. Rh1 Re8 35. Nc2 Qh3 36. c7+ Kb7 37. Qxe8 Kxc7 38. Nb5+ Kb7 39. Nd6+ Kc7 40. Qc8+ Qxc8 41. Nxc8 Kxc8 42. Rxh2 Kd7 43. Nd4 Kd6 44. Ne2 Nd3 45. Nc3 Ke5 46. Rh7 Ke6 47. Ne2 Ne1 48. f4 g4 49. Rg7 f5 50. Rg5 Nf3 51. Rg8 Kd5 52. Ng3 Nh4 53. Rh8 Ng6 54. Rd8+ Ke6 55. Re8+ Kd7 56. Re1 Nxf4 57. Rf1 Ne6 58. Rxf5 Ke7 59. Kb1 f6 60. Kc1 Nd4 61. Rf4 f5 62. Rxd4 1-0

[Event "January 9 Late 2024"]
[Site "https://www.chess.com"]
[Date "2024.01.09"]
[Round "3"]
[White "Bryakin, Mikhail"]
[Black "Kopczynski, Michal"]
[Result "1-0"]
[Board "73"]
[TimeControl "180+1"]
[WhiteFideId "4165314"]
[BlackFideId "1124200"]
[WhiteElo "2831"]
[BlackElo "2533"]
[WhiteTeam "SRB"]
[BlackTeam "POL"]
[WhiteClock "0:00:18"]
[BlackClock "0:00:00"]

1. e4 b6 2. d4 Bb7 3. Bd3 e6 4. Qe2 Nf6 5. c3 d5 6. e5 Nfd7 7. f4 g6 8. Nf3 c5 9. Be3 Nc6 10. Nbd2 Qc7 11. O-O O-O-O 12. Rfc1 c4 13. Bc2 h6 14. b3 Na5 15. b4 Nc6 16. a4 Be7 17. g4 Rdg8 18. Kf2 f6 19. h3 fxe5 20. fxe5 g5 21. b5 Na5 22. Rf1 h5 23. Kg2 Nf8 24. gxh5 Rxh5 25. Nh2 Rhh8 26. Ng4 Ng6 27. Rf7 Nh4+ 28. Kg3 Qd8 29. Raf1 Kb8 30. Qf2 Bc8 31. Nf3 Nf5+ 32. Kg2 Qe8 33. Rxe7 Qxe7 34. Bc1 Bd7 35. Nf6 Rg6 36. Bxf5 exf5 37. Bxg5 Be6 38. h4 Qa3 39. Qc2 Nb3 40. h5 Rg7 41. Kf2 Qxa4 42. h6 Rg6 43. h7 Qxb5 44. Rg1 a5 45. Nh4 Rxg5 46. Rxg5 a4 47. Nxf5 Rxh7 48. Nxh7 a3 49. Nd6 Qd7 50. Nf6 Qf7 51. Nxf7 Bxf7 52. Rg7 1-0

[Event "January 9 Late 2024"]
[Site "https://www.chess.com"]
[Date "2024.01.09"]
[Round "3"]
[White "Seemann, Jakub"]
[Black "Urbina Perez, Juan Antonio"]
[Result "1-0"]
[Board "74"]
[TimeControl "180+1"]
[WhiteFideId "21874697"]
[BlackFideId "2217368"]
[WhiteElo "2829"]
[BlackElo "2532"]
[WhiteTeam "POL"]
[BlackTeam "ESP"]
[WhiteClock "0:00:07"]
[BlackClock "0:00:00"]

1. g3 d5 2. Bg2 c6 3. Nf3 Nf6 4. O-O Bf5 5. b3 e6 6. Bb2 Bd6 7. d3 Qe7 8. Nbd2 Ba3 9. Qc1 Bxb2 10. Qxb2 O-O 11. Rfe1 h6 12. e4 Bh7 13. Ne5 Nbd7 14. Nxd7 Qxd7 15. Rad1 Rfd8 16. Nf3 dxe4 17. Ne5 Qd4 18. Qxd4 Rxd4 19. dxe4 Rad8 20. Rxd4 Rxd4 21. f3 Rd2 22. Rc1 Kf8 23. Nc4 Rd7 24. a4 Ne8 25. Kf2 Nd6 26. Ne5 Rd8 27. Ke3 f6 28. Nd3 e5 29. Nc5 Ke7 30. c4 b6 31. Nd3 c5 32. a5 Rd7 33. Ra1 Bg8 34. Bh3 Be6 35. Bxe6 Kxe6 36. axb6 axb6 37. Nc1 Nb7 38. Ra6 Rd6 39. Ne2 Na5 40. Nc3 Nxb3 41. Nb5 Rc6 42. Ra7 Nd4 43. Nc7+ Kd7 44. Nd5+ Ke8 45. Rxg7 b5 46. cxb5 Nxb5 47. Rb7 Nd4 48. f4 c4 49. Kd2 Nf3+ 50. Kc3 Nxh2 51. f5 Nf1 52. Kb4 Nxg3 53. Nc3 Nf1 54. Kb5 Rd6 55. Kxc4 Rd7 56. Rb6 Ne3+ 57. Kb3 Kf7 58. Nb5 h5 59. Nd6+ Ke7 60. Nc8+ Kf7 61. Nd6+ Kg7 62. Ne8+ Kf7 63. Nxf6 Rd3+ 64. Kb4 h4 65. Nh5 h3 66. Rb7+ Kg8 67. f6 1-0

[Event "January 9 Late 2024"]
[Site "https://www.chess.com"]
[Date "2024.01.09"]
[Round "3"]
[White "Khater, Sherif"]
[Black "Rustemov, Alexander"]
[Result "0-1"]
[Board "75"]
[TimeControl "180+1"]
[WhiteFideId "2034280"]
[BlackFideId "4119002"]
[WhiteElo "2529"]
[BlackElo "2815"]
[WhiteTeam "USA"]
[BlackTeam "RUS"]
[WhiteClock "0:01:06"]
[BlackClock "0:02:09"]

1. b4 e5 2. Bb2 Bxb4 3. Bxe5 Nf6 4. e3 d5 5. Nf3 O-O 6. Be2 c5 7. Bb2 Nc6 8. O-O d4 9. exd4 cxd4 10. h3 Bf5 11. Re1 Qd7 12. Bf1 Rfe8 13. Na3 Rxe1 14. Nxe1 Re8 15. Nd3 Bd6 16. Nc4 Bc7 17. a3 b5 0-1

[Event "January 9 Late 2024"]
[Site "https://www.chess.com"]
[Date "2024.01.10"]
[Round "3"]
[White "Stopa, Jacek"]
[Black "Zarnicki, Pablo"]
[Result "0-1"]
[Board "76"]
[TimeControl "180+1"]
[WhiteFideId "1119591"]
[BlackFideId "100137"]
[WhiteElo "2796"]
[BlackElo "2528"]
[WhiteTeam "POL"]
[BlackTeam "ARG"]
[WhiteClock "0:01:00"]
[BlackClock "0:00:12"]

1. d4 Nf6 2. c4 g6 3. f3 Bg7 4. e4 d6 5. Ne2 O-O 6. Nbc3 c5 7. d5 e6 8. Ng3 exd5 9. cxd5 a6 10. a4 h5 11. Be2 h4 12. Nf1 Nbd7 13. Bg5 h3 14. g4 Qc7 15. Ne3 Rb8 16. a5 b5 17. axb6 Rxb6 18. Ra2 Nh7 19. Bf4 Rxb2 20. Rxb2 Bxc3+ 21. Rd2 Bxd2+ 22. Qxd2 Ne5 23. O-O Bb7 24. Rc1 Qe7 25. Qc3 Rc8 26. Bxe5 dxe5 27. Nc4 Re8 28. Rb1 Ng5 29. Na5 Bc8 30. Rb6 Kg7 31. Rc6 Bd7 32. Rxc5 Qf6 33. Qe3 Bb5 34. Nc4 Bxc4 35. Rxc4 Rb8 36. Kf2 Rb2 37. Kg3 a5 38. Rc6 Qd8 39. Bf1 a4 40. Qc3 Nxe4+ 41. fxe4 Rb3 42. Kxh3 Rxc3+ 43. Rxc3 Qa5 44. Rd3 Qe1 45. Kg2 Qxe4+ 46. Kg1 Qxg4+ 47. Kf2 Qf4+ 48. Kg1 e4 49. Rg3 e3 50. Bd3 Qf2+ 51. Kh1 e2 52. Bxe2 Qe1+ 53. Rg1 Qxe2 54. d6 Qe4+ 55. Rg2 Qd5 0-1

[Event "January 9 Late 2024"]
[Site "https://www.chess.com"]
[Date "2024.01.09"]
[Round "3"]
[White "Barria Santos, Jose Guilherme"]
[Black "Wafa, Hamed"]
[Result "0-1"]
[Board "77"]
[TimeControl "180+1"]
[WhiteFideId "1939300"]
[BlackFideId "10628452"]
[WhiteElo "2527"]
[BlackElo "2789"]
[WhiteTeam "POR"]
[BlackTeam "EGY"]
[WhiteClock "0:00:24"]
[BlackClock "0:01:24"]

1. e4 e5 2. Nf3 Nc6 3. Bb5 a6 4. Ba4 Nf6 5. d3 d6 6. c3 Bd7 7. O-O Ne7 8. Bc2 Ng6 9. d4 Be7 10. Nbd2 O-O 11. Nc4 Bb5 12. b3 exd4 13. Nxd4 Bxc4 14. bxc4 Ne5 15. Qe2 Nfd7 16. Nf5 Bf6 17. Rb1 b6 18. Be3 Re8 19. Bd4 Nc6 20. Rfd1 Nc5 21. Bxc5 bxc5 22. Ba4 Qd7 23. Qf3 Rad8 24. e5 Nxe5 25. Bxd7 Nxf3+ 26. gxf3 Rxd7 27. Rb7 Bxc3 0-1

[Event "January 9 Late 2024"]
[Site "https://www.chess.com"]
[Date "2024.01.09"]
[Round "3"]
[White "Rangel, Daniel"]
[Black "Khamrakulov, Djurabek"]
[Result "1-0"]
[Board "78"]
[TimeControl "180+1"]
[WhiteFideId "2124475"]
[BlackFideId "14201143"]
[WhiteElo "2524"]
[BlackElo "2771"]
[WhiteTeam "BRA"]
[BlackTeam "UZB"]
[WhiteClock "0:00:49"]
[BlackClock "0:01:42"]

1. c4 e5 2. g3 c6 3. Bg2 d5 4. cxd5 cxd5 5. d4 e4 6. Nc3 Nc6 7. Nh3 h6 8. O-O Bb4 9. f3 Nf6 10. Nf2 exf3 11. exf3 O-O 12. a3 Bxc3 13. bxc3 Na5 14. Qd3 Bd7 15. g4 Rc8 16. g5 hxg5 17. Bxg5 a6 18. Ng4 Re8 19. Bxf6 gxf6 20. Nh6+ Kg7 21. Nf5+ Kf8 22. Nd6 Bb5 23. Nxb5 axb5 24. Qh7 Re3 25. Rae1 Re6 26. Bh3 f5 27. Bxf5 Qg5+ 28. Kh1 Rcc6 29. Bxe6 Rxe6 30. Rxe6 fxe6 31. Rg1 1-0

[Event "January 9 Late 2024"]
[Site "https://www.chess.com"]
[Date "2024.01.09"]
[Round "3"]
[White "Mazi, Leon"]
[Black "Chirilov, James A"]
[Result "0-1"]
[Board "79"]
[TimeControl "180+1"]
[WhiteFideId "14600315"]
[BlackFideId "30976677"]
[WhiteElo "2524"]
[BlackElo "2742"]
[WhiteTeam "SLO"]
[BlackTeam "USA"]
[WhiteClock "0:00:00"]
[BlackClock "0:00:05"]

1. e4 c5 2. Nf3 d6 3. d4 cxd4 4. Qxd4 a6 5. c4 Nc6 6. Qd3 Nf6 7. Nc3 g6 8. Be2 Bg7 9. O-O O-O 10. Rb1 Be6 11. b3 Rc8 12. Bb2 Nd7 13. Ng5 Nc5 14. Qg3 Nd4 15. Qh4 h6 16. Nxe6 Ncxe6 17. Bd3 b5 18. Nd5 g5 19. Qh5 Nc5 20. Rfd1 e6 21. Ne3 Qf6 22. e5 Qxe5 23. Ng4 Qf4 24. Bxd4 Bxd4 25. Nxh6+ Kg7 26. Be2 Rh8 27. Rxd4 Qxd4 28. Qxg5+ Kf8 29. cxb5 axb5 30. Bxb5 Qe5 31. Qxe5 dxe5 32. Ng4 e4 33. Bc4 Ke7 34. h3 f5 35. Ne3 Kf6 36. a4 Rb8 37. a5 Rhc8 38. a6 Ra8 39. Ra1 Rc6 40. b4 Nd7 41. b5 Rc7 42. Bf1 Nb6 43. g3 e5 44. h4 f4 45. Ng4+ Kf5 46. Bh3 fxg3 47. fxg3 Rca7 48. Ne3+ Kg6 49. Rc1 Kg7 50. Rc6 Na4 51. Bf1 Rb8 52. Nd5 Rd7 53. Nb4 Rd1 54. a7 Ra8 55. b6 Nxb6 56. Rxb6 Rb1 57. Nd5 Rxb6 58. Nxb6 Rxa7 59. Nd5 Kg6 60. Ne3 Ra2 61. Bg2 Kf6 62. Ng4+ Kf5 63. Ne3+ Ke6 64. Kf1 Ra3 65. Kf2 Ra2+ 66. Kf1 Ra3 67. Ke2 Ra2+ 68. Ke1 Kd6 69. h5 Ra3 70. Ke2 Ra2+ 71. Ke1 Ke6 72. Bf1 Kf6 73. Be2 Kg5 74. Kf2 Ra3 75. Ng2 Ra2 76. Nh4 Ra3 77. Ng6 e3+ 78. Kg2 e4 79. Nf4 Ra2 80. Kh3 Ra1 81. Kg2 Re1 0-1

[Event "January 9 Late 2024"]
[Site "https://www.chess.com"]
[Date "2024.01.09"]
[Round "3"]
[White "Koellner, Ruben Gideon"]
[Black "Davidson, Kevin"]
[Result "1-0"]
[Board "80"]
[TimeControl "180+1"]
[WhiteFideId "12993093"]
[BlackFideId "2056810"]
[WhiteElo "2742"]
[BlackElo "2523"]
[WhiteTeam "GER"]
[BlackTeam "USA"]
[WhiteClock "0:01:25"]
[BlackClock "0:00:00"]

1. d4 Nf6 2. Nf3 g6 3. Nbd2 Bg7 4. e4 d6 5. Bc4 O-O 6. O-O c5 7. dxc5 dxc5 8. Qe2 Nc6 9. c3 Qc7 10. e5 Ng4 11. e6 f5 12. h3 Nge5 13. Nxe5 Nxe5 14. Bd5 Rd8 15. c4 Nc6 16. Nf3 Nd4 17. Nxd4 cxd4 18. Bg5 Rb8 19. Qf3 b5 20. Rfe1 Qc5 21. Bf4 Rb6 22. Rac1 bxc4 23. Bxc4 Bb7 24. Qg3 Rxb2 25. Bb3 Qb4 26. Red1 a5 27. Bc7 Ra8 28. Be5 Bxe5 29. Qxe5 d3 30. Qxb2 a4 31. Rxd3 axb3 32. Rxb3 1-0